 Dungeon Crawl Stone Soup version 0.21-a0-364-gbd1fde4 (webtiles) character file.

1607 bronzestag the Frost Mage (level 8, -3/60 HPs)
             Began as a Barachi Ice Elementalist on Oct 14, 2017.
             Was an Initiate of Vehumet.
             Slain by an orc warrior
             ... wielding a +0 trident
              (7 damage)
             ... on level 6 of the Dungeon.
             The game lasted 00:28:48 (7090 turns).

bronzestag the Frost Mage (BaIE)                    Turns: 7090, Time: 00:28:49

Health: -3/60      AC: 13    Str: 10    XL:     8   Next: 95%
Magic:  2/15       EV: 13    Int: 19    God:    Vehumet [......]
Gold:   186        SH:  0    Dex: 13    Spells: 6/16 levels left

rFire    . . .     SeeInvis +   e - +0 spear (flame)
rCold    . . .     Gourm    .   (no shield)
rNeg     . . .     Faith    .   q - +3 leather armour
rPois    .         Spirit   .   o - +0 helmet
rElec    .         Reflect  .   (no cloak)
rCorr    .         Harm     .   (no gloves)
MR       .....                  (no boots)
Stlth    ++........             (no amulet)
HPRegen  0.20/turn              w - ring of see invisible
MPRegen  0.14/turn              l - +2 ring of intelligence

@: icy armour, very slow
A: +LOS, swims, slowness 1, strong legs 1
a: Hop, Renounce Religion


You were on level 6 of the Dungeon.
You worshipped Vehumet.
Vehumet was noncommittal.
You were not hungry.

You visited 2 branches of the dungeon, and saw 7 of its levels.

You collected 316 gold pieces.
You spent 130 gold pieces at shops.

Inventory:

Hand Weapons
 e - a +0 spear of flaming (weapon)
 r - a +4 dagger of protection
 x - a +1 antimagic hand axe
Missiles
 n - 9 javelins (quivered)
Armour
 o - a +0 helmet (worn)
 q - a +3 leather armour (worn)
Jewellery
 d - an uncursed ring of resist corrosion
 l - a +2 ring of intelligence (right hand)
 w - a ring of see invisible (left hand)
Wands
 a - a wand of disintegration (15/24)
 p - a wand of paralysis (6/24)
Scrolls
 s - 3 scrolls of identify
 t - a scroll of teleportation
 u - a scroll of amnesia
 y - a scroll of enchant weapon
 A - 4 scrolls of fear
Potions
 g - 2 potions of heal wounds
 i - 2 potions of brilliance
 j - 2 potions of agility
 m - 2 potions of curing
 z - a potion of invisibility
Books
 b - a book of Frost

   Spells                             Type                      Level
   a - Freeze                         Ice                          1
   b - Throw Frost                    Conjuration/Ice              2
   c - Ozocubu's Armour               Charms/Ice                   3
   d - Throw Icicle                   Conjuration/Ice              4
   e - Summon Ice Beast               Ice/Summoning                4
Comestibles
 c - 5 bread rations
 f - 3 royal jellies


   Skills:
 + Level 4.2 Fighting
 - Level 2.3 Armour
 + Level 4.7 Dodging
 - Level 1.7 Stealth
 + Level 4.7 Spellcasting
 * Level 6.1 Conjurations
 * Level 8.1 Ice Magic


You had 6 spell levels left.
You knew the following spells:

 Your Spells              Type           Power        Failure   Level  Hunger
a - Freeze                Ice            ####         1%          1    None
b - Throw Frost           Conj/Ice       ####..       1%          2    #......
c - Throw Icicle          Conj/Ice       ####....     9%          4    ####...
d - Ozocubu's Armour      Chrm/Ice       ###.....     10%         3    ###....


Dungeon Overview and Level Annotations

Branches:
Dungeon (6/15)             Temple (1/1) D:4

Altars:
Ashenzari
Cheibriados
Dithmenos
Elyvilon
Gozag
Hepliaklqana
Kikubaaqudgha
Nemelex Xobeh
Qazlal
Ru
Sif Muna
Trog
Uskayaw
Vehumet
Wu Jian
Xom
Yredelemnul
Zin
The Shining One

Shops:
D:4 (   D:5 :[(!

Annotations:
D:3 runt's ghost, amateur DrIE


Innate Abilities, Weirdness & Mutations

Shadows flee at your approach. (+LOS)
You can swim through water.
You cover ground slowly.
You can hop short distances.


Message History

The orc warrior hits you from afar with a trident.
Casting: Freeze
Confirm with . or Enter, or press ? or * to list all spells.
Aiming: Freeze
Press: ? - help, Shift-Dir - straight line, f/p - orc priest
Aim: an orc priest, wielding a falchion and wearing a leather armour (severely wounded)
You freeze the orc priest.
You kill the orc priest!
Vehumet accepts your kill.
The orc warrior hits you from afar with a trident!
The orc warrior hits you with a trident!!
* * * LOW HITPOINT WARNING * * *
Casting: Freeze
Confirm with . or Enter, or press ? or * to list all spells.
Aiming: Throw Icicle
Press: ? - help, Shift-Dir - straight line, f - orc warrior
Aim: an orc warrior, wielding a trident and wearing a chain mail (heavily wounded)
The shard of ice misses the orc warrior.
The orc warrior hits you with a trident!
You die...

#.................
#.#######.##.####. ########.###
#.........
#..........########.#####
#.######..........#.#
########.######...#........#####
#>.............................)
#.###.##.######o#.#..###..######
#.# #.##....# #@#o#..# #..# #.
#.# #.#####.# #.#.#..# #..# #.
##.###.....#.# #)#.#..###..# #.
.....#####.#.###...........# #.
...................######..#####.
.................................
.....#####.#.####.#####.#........
..[..# #.#.####.#####.#########
.....# #.#.......).............


You could see an orc warrior.

Vanquished Creatures
  Sigmund (D:4)
  An ice beast (D:5)
  4 ogres
  3 centaurs
  A jelly (D:6)
  A crimson imp (D:6)
  A centaur zombie (D:5)
  A bullfrog skeleton (D:6)
  3 hounds
  An orc priest (D:6)
  A centaur skeleton (D:4)
  Jessica (D:3)
  4 worker ants
  2 iguanas (D:4)
  4 orc wizards
  A killer bee zombie (D:5)
  A hound zombie (D:6)
  A hound skeleton (D:6)
  Robin (D:2)
  A howler monkey zombie (D:5)
  2 worker ant zombies
  2 adders (D:5)
  An adder skeleton (D:4)
  3 worms
  A dart slug (D:1)
  A leopard gecko (D:3)
  15 orcs
  2 giant cockroaches
  12 goblins
  10 hobgoblins
  3 jackals (D:2)
  A quokka (D:4)
  2 ball pythons
  A ball python skeleton (D:5)
  3 bats
  6 frilled lizards
  2 jackal skeletons
  6 kobolds
  5 rats
112 creatures vanquished.

Notes
Turn   | Place    | Note
-------+----------+-------------------------------------------
     0 | D:1      | bronzestag the Barachi Ice Elementalist began the quest for the Orb.
     0 | D:1      | Reached XP level 1. HP: 13/13 MP: 3/3
   109 | D:1      | Reached skill level 4 in Ice Magic
   146 | D:1      | Reached XP level 2. HP: 12/19 MP: 1/5
   192 | D:1      | Learned a level 2 spell: Throw Frost
   872 | D:2      | Reached XP level 3. HP: 24/24 MP: 6/6
   913 | D:2      | Found a faded altar of an unknown god.
   940 | D:2      | Found an ancient bone altar of Kikubaaqudgha.
   985 | D:2      | Noticed Robin
  1447 | D:2      | Killed Robin
  1447 | D:2      | Reached XP level 4. HP: 31/31 MP: 0/8
  1759 | D:3      | Noticed Jessica
  1765 | D:3      | Killed Jessica
  1765 | D:3      | Reached skill level 1 in Fighting
  1774 | D:3      | Learned a level 4 spell: Throw Icicle
  1841 | D:3      | Reached skill level 5 in Ice Magic
  1922 | D:3      | Learned a level 4 spell: Throw Icicle
  2053 | D:3      | Noticed runt's ghost (amateur DrIE)
  2139 | D:2      | Reached XP level 5. HP: 13/37 MP: 2/9
  2830 | D:4      | Reached skill level 1 in Armour
  2830 | D:4      | Reached XP level 6. HP: 38/44 MP: 5/10
  2913 | D:4      | Found a staircase to the Ecumenical Temple.
  3046 | D:4      | Found Quryez's Weapon Shoppe.
  3195 | D:4      | Noticed Sigmund
  3236 | D:4      | Killed Sigmund
  3236 | D:4      | Reached skill level 6 in Ice Magic
  3236 | D:4      | Reached XP level 7. HP: 37/50 MP: 2/12
  3501 | D:5      | Entered Level 5 of the Dungeon
  3809 | Temple   | Entered the Ecumenical Temple
  4618 | D:5      | Found a radiant altar of Vehumet.
  4618 | D:5      | Found a bloodstained altar of Trog.
  4620 | D:5      | Found an ornate altar of the Wu Jian Council.
  4628 | D:5      | Became a worshipper of Vehumet
  4830 | D:5      | Reached XP level 8. HP: 36/58 MP: 0/14
  4998 | D:5      | Found Nyaqaumn's Antique Weapon Emporium.
  4998 | D:5      | Found Sox Ceej's Book Emporium.
  4999 | D:5      | Found Ipoud's Distillery.
  5001 | D:5      | Found Unac's Antique Armour Emporium.
  5331 | D:5      | Bought 2 potions of heal wounds for 130 gold pieces
  5394 | D:5      | Reached skill level 5 in Conjurations
  5394 | D:5      | Reached skill level 7 in Ice Magic
  5836 | D:5      | Found a glowing golden altar of the Shining One.
  5836 | D:5      | Found a shattered altar of Ashenzari.
  7011 | D:6      | Reached skill level 8 in Ice Magic
  7020 | D:6      | Learned a level 3 spell: Ozocubu's Armour
  7090 | D:6      | Slain by an orc warrior

Vault maps used:
D:1:      saegor_arrival_simple_f
D:2:      kiku_gazebo_pond_becter, chequers_ecumenical_altar_simple_redux,
          uniq_robin
D:3:      first_bread, kennysheep_pointless_box, uniq_jessica
D:4:      minmay_temple_entry_grid, serial_shops, nicolae_shop_statue_plus,
          uniq_sigmund
D:5:      gammafunk_temple_overflow_forgotten, amethyst_overflow_temple_binary,
          serial_bayou_ford_a, minivault_26, minmay_shop_grid_forest
Temple:   nicolae_temple_figure_eight

Skill      XL: |  1  2  3  4  5  6  7  8 |
---------------+-------------------------+-----
Ice Magic      | 4 5 6 8 |  8.1
Conjurations   | 2 3 4 6 |  6.1
Fighting       | 1 2 3 4 |  4.2
Spellcasting   | 3 4 |  4.7
Armour         | 1 2 |  2.3
Dodging        | 3 4 |  4.7
Stealth        | |  1.7

Action                   |  1- 3 |  4- 6 |  7- 9 || total
-------------------------+-------+-------+-------++-------
Melee: Spear             |    59 |    70 |   155 ||   284
Throw: Javelin           |       |     1 |       ||     1
 Cast: Freeze            |    43 |    41 |    61 ||   145
       Throw Frost       |     6 |    10 |     2 ||    18
       Throw Icicle      |       |       |    15 ||    15
       Ozocubu's Armour  |       |       |     1 ||     1
 Abil: Hop               |       |       |     2 ||     2
  Use: Scroll            |     3 |     7 |     9 ||    19
       Potion            |       |     3 |     4 ||     7
 Stab: Sleeping          |     3 |     4 |     1 ||     8
  Eat: Meat ration       |     1 |     1 |     1 ||     3
       Chunk             |     1 |       |       ||     1
       Bread ration      |       |       |     2 ||     2
       Royal jelly       |       |       |     1 ||     1
       Fruit             |       |       |     2 ||     2
Armor: Robe              |    14 |     2 |       ||    16
       Leather armour    |       |    28 |    60 ||    88
Dodge: Dodged            |    50 |    43 |   141 ||   234

Table legend:
 A = Spawn XP
 B = Non-spawn XP
 C = Spawn XP percentage of total XP
 D = Spawn monster count
 E = Non-spawn monster count
 F = Spawn count percentage of total count
 G = Total turns spent on level
                    A         B        C        D         E        F      G
               +---------+---------+-------+---------+---------+-------+---------
         Total |       0 |    2296 |   0.0 |       0 |     112 |   0.0 |  7090
               +---------+---------+-------+---------+---------+-------+---------
           D:1 |       0 |      36 |   0.0 |       0 |      22 |   0.0 |   980
           D:2 |       0 |     107 |   0.0 |       0 |      28 |   0.0 |  1007
           D:3 |       0 |      60 |   0.0 |       0 |      11 |   0.0 |   556
           D:4 |       0 |     497 |   0.0 |       0 |      17 |   0.0 |  1294
           D:5 |       0 |     683 |   0.0 |       0 |      15 |   0.0 |  1912
           D:6 |       0 |     913 |   0.0 |       0 |      19 |   0.0 |   964
               +---------+---------+-------+---------+---------+-------+---------
